 Dungeon Crawl Stone Soup version 0.19-a0-1875-g4fea3da (webtiles) character file.

1019 Amnesiac the Covert (level 8, 0/43 HPs)
             Began as a Deep Elf Assassin on Oct 13, 2016.
             Was a Follower of Dithmenos.
             Hit by a stone thrown by an orc (2 damage)
             ... on level 6 of the Dungeon.
             The game lasted 00:12:44 (8119 turns).

Amnesiac the Covert (Deep Elf Assassin)             Turns: 8119, Time: 00:12:44

Health: 0/43       AC:  3    Str:  8    XL:     8   Next: 2%
Magic:  10/10      EV: 17    Int: 22    God:    Dithmenos [*.....]
Gold:   282        SH:  0    Dex: 23    Spells: 0 memorised, 7 levels left

rFire  . . .     SeeInvis .     a - +2 dagger
rCold  . . .     Gourm    .     c - +0 robe
rNeg   . . .     Faith    .     (no shield)
rPois  .         Spirit   .     (no helmet)
rElec  .         Dismiss  .     d - +0 cloak
rCorr  .         Reflect  .     (no gloves)
MR     .....     Harm     .     (no boots)
Stlth  ++++++++..               i - amulet of rage
                                E - ring of stealth
                                A - +2 ring of slaying

@: brilliant, agile, wreathed by umbra
A: no striking features
a: Renounce Religion, Evoke Berserk Rage


You were on level 6 of the Dungeon.
You worshipped Dithmenos.
Dithmenos was aware of your devotion.
You were not hungry.

You visited 2 branches of the dungeon, and saw 7 of its levels.

You collected 282 gold pieces.

Inventory:

Hand Weapons
 a - a +2 dagger (weapon)
 b - a +0 blowgun
 k - a +0 halberd
 l - a +1 spear of pain
Missiles
 e - 8 poisoned needles
 f - 2 curare-tipped needles
Armour
 c - a +0 robe (worn)
 d - a +0 cloak (worn)
 r - a cursed +0 robe
 w - a +1 pair of gloves
Jewellery
 i - an amulet of rage (around neck)
 A - a +2 ring of slaying (left hand)
 E - a ring of stealth (right hand)
Scrolls
 j - 3 scrolls of magic mapping {unknown}
 o - 4 scrolls of remove curse {unknown}
 p - 3 scrolls of teleportation {unknown}
 q - 2 scrolls of identify
 u - a scroll of recharging {unknown}
 y - a scroll of enchant armour {unknown}
 B - a scroll of fear {unknown}
 C - a scroll of amnesia {unknown}
 G - a scroll of fog {unknown}
Potions
 m - a potion of flight
 v - a potion of agility
 x - a potion of curing {unknown}
 z - a potion of might {unknown}
 F - a potion of magic {unknown}
Comestibles
 h - a meat ration
 n - 5 bread rations
 s - 2 fruits
 t - 3 beef jerkies
 D - a royal jelly


   Skills:
 - Level 1.5 Fighting
 + Level 5.0 Short Blades
 + Level 4.9 Throwing
 - Level 1.2 Dodging
 * Level 9.8 Stealth


You had 7 spell levels left.
You didn't know any spells.

Dungeon Overview and Level Annotations

Branches:
Dungeon (6/15)             Temple (1/1) D:6

Altars:
Ashenzari
Cheibriados
Dithmenos
Elyvilon
Fedhas
Gozag
Hepliaklqana
Kikubaaqudgha
Makhleb
Nemelex Xobeh
Okawaru
Qazlal
Ru
Sif Muna
Trog
Uskayaw
Vehumet
Xom
Yredelemnul
Zin
The Shining One

Shops:
D:4 ?


Message History

The bullfrog hits you.
* * * LOW HITPOINT WARNING * * *
Okay, then.
The bullfrog closely misses you. The bullfrog completely misses you.
There is an open door here.
The bullfrog swells and bulges before releasing a deep croak.
Okay, then.
It was a potion of agility.
You feel agile all of a sudden. The bullfrog hits you.
* * * LOW HITPOINT WARNING * * *
The bullfrog closely misses you.
It was a potion of brilliance.
You feel clever all of a sudden.
Okay, then.
The bullfrog barely misses you.
There is an open door here.
The bullfrog barely misses you.
The orc throws a stone.
The stone hits you.
You die...

###.####.#### #....#....#
#....#....# #....'....#
#....#....# ##.###...####
####.###......# ...
#....#..o....## .....
#....+..@<..o# ..##..
##..###F###'##
..###'#####'###.##..##
.................'o..#
.)...............#...#
..##..##...###.###..###########
.<##o.##...#########....#..#..#
.o§o..#.....# #.....#....#...#
o.....#.....# #.....#....+...#


You could see a bullfrog, an orc wizard (wandering) and an orc.

Vanquished Creatures
  A phantom (D:4)
  An ice beast (D:4)
  The ghost of GameOver the Caller, an amateur NaSu (D:3)
  A centaur (D:4)
  A scorpion (D:5)
  A howler monkey (D:4)
  A crimson imp (D:5)
  A jelly (D:5)
  2 bullfrog skeletons (D:4)
  A centaur skeleton (D:5)
  An iguana (D:4)
  5 worker ants
  3 orc wizards (D:4)
  A killer bee zombie (D:5)
  7 adders
  4 gnolls
  An ooze (D:1)
  An adder skeleton (D:4)
  2 dart slugs
  A leopard gecko (D:1)
  6 orcs
  2 ball pythons
  6 bats
  5 giant cockroaches
  5 goblins
  14 hobgoblins
  5 jackals
  3 quokkas
  4 frilled lizards
  A jackal skeleton (D:5)
  10 kobolds
  A leopard gecko skeleton (D:5)
  14 rats
113 creatures vanquished.

Notes
Turn   | Place    | Note
-------+----------+-------------------------------------------
     0 | D:1      | Amnesiac the Deep Elf Assassin began the quest for the Orb.
     0 | D:1      | Reached XP level 1. HP: 12/12 MP: 3/3
     0 | D:1      | Noticed a red draconian
     0 | D:1      | Noticed a red draconian
     5 | D:1      | Noticed a shadow dragon
     6 | D:1      | Noticed an ice dragon
    10 | D:1      | Noticed a yellow draconian
    10 | D:1      | Noticed an orb of fire
    12 | D:1      | Noticed an orb of fire
    12 | D:1      | Noticed an ice dragon
    14 | D:1      | Noticed a large abomination
    14 | D:1      | Noticed a tentacled monstrosity
    16 | D:1      | Noticed a white draconian
    16 | D:1      | Noticed an ice dragon
    20 | D:1      | Noticed a tentacled monstrosity
   330 | D:2      | Reached skill level 5 in Stealth
   330 | D:2      | Reached XP level 2. HP: 16/16 MP: 4/4
   501 | D:3      | Reached XP level 3. HP: 20/20 MP: 5/5
  1135 | D:4      | Noticed a centaur
  1202 | D:4      | Reached skill level 6 in Stealth
  1202 | D:4      | Reached XP level 4. HP: 17/25 MP: 6/6
  1614 | D:4      | Found Bomym's Magic Scroll Shoppe.
  2085 | D:4      | Reached XP level 5. HP: 29/29 MP: 7/7
  2094 | D:4      | Reached skill level 7 in Stealth
  2365 | D:4      | Reached XP level 6. HP: 34/34 MP: 8/8
  2880 | D:4      | Noticed an ice beast
  2956 | D:4      | Reached skill level 8 in Stealth
  3239 | D:4      | Reached XP level 7. HP: 19/38 MP: 9/9
  4030 | D:5      | Entered Level 5 of the Dungeon
  4060 | D:5      | Found a white marble altar of Elyvilon.
  4610 | D:5      | Reached skill level 9 in Stealth
  5139 | D:6      | Found a staircase to the Ecumenical Temple.
  5156 | Temple   | Entered the Ecumenical Temple
  5415 | Temple   | Became a worshipper of Dithmenos the Shadowed
  6223 | D:1      | Reached * piety under Dithmenos
  7000 | D:3      | Noticed GameOver's ghost (amateur NaSu)
  7011 | D:3      | Killed GameOver's ghost
  7846 | D:5      | Reached skill level 5 in Short Blades
  8002 | D:6      | Reached XP level 8. HP: 43/43 MP: 10/10
  8113 | D:6      | HP: 1/43 [bullfrog (2)]
  8119 | D:6      | Hit by a stone thrown by an orc

Vault maps used:
D:1:      shiori_arrival_whats_in_store_for_you
D:3:      amethyst_killhole
D:4:      serial_shops, nicolae_shop_waterfront, st_stairs_3
D:5:      basic_altar, first_bread
D:6:      fedhas_altar_fruit_tree
Temple:   nicolae_temple_the_god_donut

Skill      XL: |  1  2  3  4  5  6  7 |
---------------+----------------------+-----
Stealth        | 5 6 7 8 9 |  9.8
Throwing       | 3 4 |  4.9
Short Blades   | 3 4 5 |  5.0
Fighting       | |  1.5
Dodging        | |  1.2

Action                   |  1- 3 |  4- 6 |  7- 9 || total
-------------------------+-------+-------+-------++-------
Melee: Dagger            |    63 |    97 |   200 ||   360
       Halberd           |       |    16 |     4 ||    20
 Fire: Blowgun           |       |     5 |     3 ||     8
 Abil: Evoke Berserk Rag |     3 |     4 |     3 ||    10
  Use: Scroll            |       |       |     1 ||     1
       Potion            |       |       |     2 ||     2
 Stab: Sleeping          |     9 |     3 |    21 ||    33
       Distracted        |       |     1 |       ||     1
  Eat: Chunk             |     1 |     6 |    12 ||    19
       Meat ration       |     1 |       |     1 ||     2
       Bread ration      |       |       |     1 ||     1
Armor: Robe              |     6 |     7 |    33 ||    46
Dodge: Dodged            |    50 |    47 |   121 ||   218
